 Dungeon Crawl Stone Soup version 0.26-a0-1126-g3318b609a0 (webtiles) character file.

Game seed: 4074633943965561596

8 robertstho the Chiller (level 1, -3/14 HPs)
             Began as a Demigod Ice Elementalist on Dec 17, 2020.
             Slain by a kobold
             ... wielding a +0 club
              (4 damage)
             ... on level 1 of the Dungeon.
             The game lasted 00:00:40 (127 turns).

robertstho the Chiller (Demigod Ice Elementalist)    Turns: 127, Time: 00:00:40

Health: -3/14      AC:  2    Str: 11    XL:     1   Next: 80%
Magic:  1/5        EV: 12    Int: 19    God:
Gold:   13         SH:  0    Dex: 16    Spells: 2/3 levels left

rFire    . . .     SeeInvis .   c - +0 short sword
rCold    . . .     Faith    .   (no shield)
rNeg     . . .     Spirit   .   a - +0 robe
rPois    .         Reflect  .   (no helmet)
rElec    .         Harm     .   (no cloak)
rCorr    .         Rampage  .   (no gloves)
Will     .....                  (no boots)
Stlth    ++........             (no amulet)
HPRegen  0.04/turn              (no ring)
MPRegen  0.09/turn              (no ring)

@: no status effects
A: high mp 1
a: no special abilities


You were on level 1 of the Dungeon.
You visited 1 branch of the dungeon, and saw 1 of its levels.

You collected 13 gold pieces.

Inventory:

Hand Weapons
 c - a +0 short sword (weapon)
Armour
 a - a +0 robe (worn)
Scrolls
 b - a scroll of fear {unknown}
 d - a scroll of enchant armour {unknown}


   Skills:
 + Level 1.7 Dodging
 + Level 1.7 Stealth
 * Level 1.7 Spellcasting
 * Level 4.0 Ice Magic


You had 2 spell levels left.
You knew the following spells:

 Your Spells              Type           Power        Failure   Level
a - Freeze                Ice            68%          3%          1

Your spell library contained the following spells:

 Spells                   Type           Power        Failure   Level
 Frozen Ramparts          Ice            34%          10%         3
 Ozocubu's Armour         Ice            17%          10%         3
 Hailstorm                Conj/Ice       9%           58%         4
 Summon Ice Beast         Ice/Summ       9%           58%         4


Dungeon Overview and Level Annotations

Branches:
Dungeon (1/15)


Innate Abilities, Weirdness & Mutations

You have an increased reservoir of magic. (+10% MP)


Message History

You kill the goblin!
The kobold throws a stone.
The stone hits you.
* * * LOW HITPOINT WARNING * * *
You aren't carrying any potions.
The kobold throws a stone.
The stone barely misses you.
You see here a dart slug corpse.
The kobold throws a stone.
The stone hits you.
* * * LOW HITPOINT WARNING * * *
Your magical contamination has completely faded away.
You see here a stone.
You closely miss the kobold. The kobold closely misses you.
You aren't carrying any items that you can evoke.
Unknown command.
You hit the kobold.
The kobold is moderately wounded.
The kobold closely misses you.
You closely miss the kobold.
The kobold is moderately wounded.
The kobold hits you with a +0 club.
You die...

##### ...# ...' .. ..# ..
# ....#.##
...####.#....#.
.......K#......
###.@#.#..#..
+...(........
#.#.†....... # #.(....?..
#......#.. #######(....#
.# #.........###..#
####.######.......#
#######.................#


You could see a kobold.

Vanquished Creatures
  A dart slug (D:1)
  2 bats (D:1)
  A goblin (D:1)
  A kobold (D:1)
  2 rats (D:1)
7 creatures vanquished.

Notes
Turn   | Place    | Note
-------+----------+-------------------------------------------
     0 | D:1      | robertstho the Demigod Ice Elementalist began the quest for
                  | the Orb.
     0 | D:1      | Reached XP level 1. HP: 14/14 MP: 5/5
   120 | D:1      | Reached skill level 4 in Ice Magic
   127 | D:1      | Slain by a kobold

Illustrated notes

Levels and vault maps discovered:
D:1:      ncdulo_watergridlock, layout_basic, nrook_campfire, minmay_hexomino_r4

Skill      XL: |  1 |
---------------+----+-----
Ice Magic      | 4 |  4.0
Dodging        | |  1.7
Stealth        | |  1.7
Spellcasting   | |  1.7

Action                   || total
-------------------------++-------
Melee: Short sword       ||     8
       Unarmed           ||     4
 Cast: Freeze            ||     9
Armor: Robe              ||     2
Dodge: Dodged            ||    19

Table legend: (Time is in decaauts)
 A = Elapsed time spent in this place.
 B = Non-inter-level travel time spent in this place.
 C = Inter-level travel time spent in this place.
 D = Time resting spent in this place.
 E = Time spent auto-exploring this place.
 F = Levels seen in this place.
 G = Mean time per level.
                   A        B        C        D        E       F      G
               +--------+--------+--------+--------+--------+-----+--------+
         Total |    127 |    127 |      0 |      0 |     83 |   1 |  127.0 |
       Dungeon |    127 |    127 |      0 |      0 |     83 |   1 |  127.0 |
               +--------+--------+--------+--------+--------+-----+--------+

Top non-repeatable levels by time:
     D:1: 127 daAuts
